 Dungeon Crawl Stone Soup version 0.21-a0-552-g593960d (webtiles) character file.

14711 polly the Cleaver (level 11, -8/97 HPs)
             Began as a Demonspawn Berserker on Dec 18, 2017.
             Was the Champion of Trog.
             Killed from afar by an electric eel (10 damage)
             ... with a bolt of electricity
             ... on level 12 of the Dungeon.
             The game lasted 00:24:32 (10464 turns).

polly the Cleaver (Demonspawn Berserker)           Turns: 10464, Time: 00:24:33

Health: -8/97      AC: 21    Str: 27      XL:     11   Next: 92%
Magic:  11/11      EV: 10    Int:  3 (4)  God:    Trog [******]
Gold:   677        SH:  0    Dex: 12      Spells: 10/10 levels left

rFire    . . .     SeeInvis +   T - +3 war axe (freeze)
rCold    + + .     Gourm    .   (no shield)
rNeg     . . .     Faith    +   B - +0 plate armour
rPois    .         Spirit   .   a - +0 hat of the Storm King {Str+6} (curse)
rElec    .         Reflect  .   (no cloak)
rCorr    +         Harm     .   e - +0 pair of gloves
MR       .....                  v - +0 pair of boots
Stlth    ..........             f - amulet of faith
HPRegen  0.26/turn              n - +3 ring of protection
MPRegen  0.12/turn              K - ring of Xom's Sleight of Hands {rCorr rC+ Int-5 SInv}

@: berserk cooldown, slowed, very slow
A: hooves 1, yellow scales 2, blink, cold resistance 1, deterioration 1, powered
by death 2, powered by pain 2, robust 1
a: Blink, Berserk, Trog's Hand, Brothers in Arms, Burn Spellbooks, Renounce
Religion


You were on level 12 of the Dungeon.
You worshipped Trog.
Trog was exalted by your worship.
You were near starving.

You visited 1 branch of the dungeon, and saw 12 of its levels.
You also visited: Ossuary.

You collected 677 gold pieces.

Inventory:

Hand Weapons
 T - a +3 war axe of freezing (weapon)
 U - a +4 triple crossbow of freezing
Missiles
 j - 5 tomahawks of returning (quivered)
 V - 10 bolts
Armour
 a - the cursed +0 hat of the Storm King (worn) {Str+6}
   (You found it on level 11 of the Dungeon)

   It affects your strength (+6).
   It has a curse placed upon it.
 e - a +0 pair of gloves (worn)
 v - a +0 pair of boots (worn)
 B - a +0 plate armour (worn)
Jewellery
 f - an amulet of faith (around neck)
 n - a +3 ring of protection (left hand)
 p - an uncursed ring of positive energy
 r - a +3 ring of dexterity
 E - an uncursed amulet of guardian spirit {unknown}
 K - the ring of Xom's Sleight of Hands (right hand) {rCorr rC+ Int-5 SInv}
   (You found it on level 7 of the Dungeon)

   [ring of resist corrosion]

   It affects your intelligence (-5).
   It protects you from cold.
   It lets you see invisible.
 Q - an uncursed ring of flight
Wands
 b - a wand of paralysis (17)
 q - a wand of scattershot (4)
 C - a wand of disintegration (12)
 N - a wand of digging (16)
 W - a wand of clouds (8)
 Y - a wand of iceblast (8)
Scrolls
 i - 4 scrolls of remove curse
 l - 3 scrolls of fear {unknown}
 o - 3 scrolls of enchant armour {unknown}
 s - a scroll of fog {unknown}
 t - 7 scrolls of teleportation
 w - 3 scrolls of noise {unknown}
 y - 4 scrolls of identify
 D - 2 scrolls of vulnerability {unknown}
 G - 3 scrolls of immolation {unknown}
 H - 2 scrolls of magic mapping {unknown}
 I - a scroll of acquirement {unknown}
 M - 3 scrolls of random uselessness {unknown}
 P - a scroll of blinking {unknown}
 R - a scroll of silence {unknown}
Potions
 d - 3 potions of mutation
 g - a potion of heal wounds
 h - 3 potions of brilliance
 k - 3 potions of resistance
 x - 2 potions of might
 z - a potion of ambrosia
 A - 2 potions of flight
 F - a potion of magic
 L - 2 potions of invisibility
 O - 2 potions of agility
 X - a potion of berserk rage {unknown}
 Z - a potion of curing
Books
 S - a book of Necromancy

   Spells                             Type                      Level
   a - Pain                           Necromancy                   1
   b - Animate Skeleton               Necromancy                   1
   c - Vampiric Draining              Necromancy                   3
   d - Regeneration                   Charms/Necromancy            3
   e - Animate Dead                   Necromancy                   4
   f - Control Undead                 Necromancy                   4
   Trog disapproves of the use of such an item.
Comestibles
 c - 5 bread rations
 m - a meat ration
 u - 34 fruits
 J - 2 royal jellies


   Skills:
 + Level 9.5 Fighting
 + Level 12.7 Axes
 + Level 7.1 Armour
 + Level 6.1 Dodging
 + Level 3.0 Stealth


You had 10 spell levels left.
You didn't know any spells.

Dungeon Overview and Level Annotations

Branches:
Dungeon (12/15)            Temple (0/1) D:6            Lair (0/6) D:9
    Orc (0/2) D:9

Altars:
Kikubaaqudgha
Makhleb
Xom

Shops:
D:5 *


Innate Abilities, Weirdness & Mutations

You have large cloven feet.
You are mostly covered in yellow scales. (AC +3)
You regenerate health from kills.
You sometimes gain power by taking damage.
You can translocate small distances at will.
Your flesh is cold resistant. (rC+)
Your body sometimes deteriorates upon taking damage.
You are robust. (+10% HP)


Message History

The electric eel shoots out a bolt of lightning at you!
The bolt of electricity hits you!
* * * LOW HITPOINT WARNING * * *
Unknown command.
Unknown command.
With effort, you pull free of the water engulfing you.
You gasp with relief as air once again reaches your lungs.
The electric eel shoots out a bolt of lightning at you!
The bolt of electricity hits the water elemental.
The water elemental resists.
The water elemental is destroyed!
The bolt of electricity hits you!
* * * LOW HITPOINT WARNING * * *
You feel a strong urge to attack something.
You feel your anger nearly subside.
You are no longer berserk.
You are exhausted.
You feel yourself slow down.
The electric eel shoots out a bolt of lightning at you!
The bolt of electricity hits you!
You die...

.. .> ##.####.##
### #........#
#.. #........#
#.#
#..=...(.######.#
#.............#.#
#.......).###.#.#
#.........###.#.#
#.....(..@#.....#
+.)♣♣♣♣≈♣.#.#.###
#.≈≈≈≈≈≈†♣#.#.#
♣≈P≈≈≈P)≈P#.#.#
≈≈≈≈≈;≈≈≈≈P#.#.#
≈≈≈≈≈≈≈P≈P≈♣.#.#
≈≈PP≈≈≈P≈≈≈≈♣..#
PP≈≈≈P♣≈≈≈≈≈≈..#
≈≈≈≈.≈.....≈....


You could see an electric eel.

Vanquished Creatures
  3 two-headed ogres
  The ghost of Maimakterion the Cruncher, a novice DsGl of Ru (D:7)
  Pikel (D:5)
  2 deep elf magi (D:11)
  2 cyclopes
  The ghost of quirkyturtle the Conjurer, a novice DEFE (D:6)
  A komodo dragon (D:9)
  A troll (D:11)
  Prince Ribbit (D:9)
  2 hippogriffs
  A wyvern (D:11)
  A shadow (D:11)
  2 wraiths (Ossuary)
  A hungry ghost (D:9)
  6 yaks (D:11)
  The ghost of Bofadeez the Conjurer, an amateur DrCj (D:3)
  Edmund (D:6)
  2 wargs (D:9)
  Duvessa (D:7)
  A swamp drake (D:11)
  2 black bears
  3 sky beasts
  7 orc warriors
  3 ice beasts
  4 phantoms
  2 ogres
  7 centaurs
  A crocodile (D:9)
  A big kobold (D:9)
  Blork the orc (D:6)
  6 bullfrogs
  Dowan (D:7)
  2 wyvern skeletons
  3 scorpions
  9 killer bees (D:11)
  12 wights
  3 crimson imps
  A bullfrog zombie (D:8)
  8 hounds
  2 centaur zombies
  2 jellies
  9 orc priests
  A gnoll shaman (D:10)
  12 orc wizards
  A bullfrog skeleton (D:4)
  An iron imp (D:11)
  2 centaur skeletons
  7 iguanas
  7 worker ants
  Robin (D:3)
  3 hound skeletons
  2 worker ant zombies
  A mummy (D:7)
  A howler monkey skeleton (D:9)
  15 gnolls
  10 adders
  7 shadow imps
  A white imp (D:11)
  An ooze (D:2)
  2 adder skeletons
  An adder zombie (D:8)
  2 dart slugs
  5 leopard geckos
  37 orcs
  6 giant cockroaches
  11 hobgoblins
  19 jackals
  2 quokkas
  3 ball pythons
  2 ball python skeletons
  9 bats
  4 frilled lizards
  16 goblins
  3 hobgoblin skeletons (Ossuary)
  A hobgoblin zombie (Ossuary)
  8 kobolds
  2 kobold zombies (Ossuary)
  A leopard gecko skeleton (D:7)
  An orc zombie (Ossuary)
  12 rats
  7 plants
348 creatures vanquished.

Vanquished Creatures (others)
  A water elemental (D:12)
  An adder (D:12)
  A quokka skeleton (D:5)
  2 plants
5 creatures vanquished.

Grand Total: 353 creatures vanquished

Notes
Turn   | Place    | Note
-------+----------+-------------------------------------------
     0 | D:1      | polly the Demonspawn Berserker began the quest for the Orb.
     0 | D:1      | Reached XP level 1. HP: 18/18 MP: 1/1
     2 | D:1      | Noticed a minotaur skeleton
    12 | D:1      | Noticed a minotaur skeleton
    18 | D:1      | Noticed a minotaur skeleton
   311 | D:1      | Gained mutation: You regenerate a little health from kills. [demonic ancestry]
   311 | D:1      | Reached XP level 2. HP: 18/24 MP: 2/2
   534 | D:1      | Reached skill level 3 in Axes
   536 | D:1      | Gained mutation: You are partially covered in yellow scales. (AC +2) [demonic ancestry]
   536 | D:1      | Reached XP level 3. HP: 15/29 MP: 3/3
   715 | D:1      | Reached ** piety under Trog
  1152 | D:2      | Reached skill level 1 in Stealth
  1352 | D:2      | Gained mutation: You regenerate health from kills. [demonic ancestry]
  1352 | D:2      | Reached XP level 4. HP: 30/35 MP: 4/4
  1746 | D:3      | Noticed Robin
  1770 | D:3      | Killed Robin
  1783 | D:3      | Reached *** piety under Trog
  1785 | D:3      | Reached XP level 5. HP: 42/42 MP: 5/5
  1926 | D:3      | Reached skill level 4 in Axes
  1994 | D:3      | Noticed Bofadeez's ghost (amateur DrCj)
  2135 | D:3      | Killed Bofadeez's ghost
  2135 | D:3      | Gained mutation: You have large cloven feet. [demonic ancestry]
  2135 | D:3      | Reached XP level 6. HP: 48/48 MP: 6/6
  2722 | D:4      | HP: 2/72 [orc priest/mace (10)]
  2726 | D:4      | Reached skill level 5 in Axes
  3003 | D:4      | Reached **** piety under Trog
  3100 | D:4      | Gained mutation: You sometimes gain a little power by taking damage. [demonic ancestry]
  3100 | D:4      | Reached XP level 7. HP: 42/55 MP: 7/7
  3908 | D:5      | Entered Level 5 of the Dungeon
  4016 | D:5      | Reached skill level 6 in Axes
  4132 | D:5      | Found Hoxt's General Store.
  4140 | D:5      | Noticed Pikel
  4182 | D:5      | Killed Pikel
  4182 | D:5      | Reached skill level 5 in Fighting
  4182 | D:5      | Reached skill level 7 in Axes
  4182 | D:5      | Reached XP level 8. HP: 62/62 MP: 8/8
  4194 | D:5      | Found a shimmering altar of Xom.
  4479 | D:6      | Reached ***** piety under Trog
  4791 | D:6      | Found a staircase to the Ecumenical Temple.
  4890 | D:6      | Found a burning altar of Makhleb.
  5166 | D:6      | Noticed quirkyturtle's ghost (novice DEFE)
  5184 | D:6      | Killed quirkyturtle's ghost
  5184 | D:6      | Reached skill level 8 in Axes
  5184 | D:6      | Reached XP level 9. HP: 69/69 MP: 9/9
  5201 | D:6      | Noticed Blork the orc
  5230 | D:6      | Killed Blork the orc
  5307 | D:6      | Got a pitted scale mail
  5318 | D:6      | Identified the +2 scale mail of Ashenzari's Whim {Int+3 Dex+4} (You found it on level 6 of the Dungeon)
  5491 | D:6      | Noticed Edmund
  5514 | D:6      | Killed Edmund
  5744 | D:7      | Noticed Maimakterion's ghost (novice DsGl)
  5744 | D:7      | Reached skill level 5 in Dodging
  5815 | D:7      | Killed Maimakterion's ghost
  5815 | D:7      | Reached skill level 9 in Axes
  6058 | D:7      | Noticed Dowan
  6060 | D:7      | Noticed Duvessa
  6087 | D:7      | Killed Duvessa
  6088 | D:7      | Killed Dowan
  6159 | D:7      | Got a twitching platinum ring
  6217 | D:7      | Found a sand-covered staircase.
  6226 | Ossuary  | Entered an ossuary
  6407 | Ossuary  | Gained mutation: You sometimes gain power by taking damage. [demonic ancestry]
  6407 | Ossuary  | Reached XP level 10. HP: 70/79 MP: 10/10
  7062 | D:8      | Noticed a two-headed ogre
  7077 | D:8      | Killed a two-headed ogre
  7077 | D:8      | Reached skill level 10 in Axes
  7077 | D:8      | Reached skill level 5 in Armour
  7187 | D:8      | Identified the ring of Xom's Sleight of Hands {rCorr rC+ Int-5 SInv} (You found it on level 7 of the Dungeon)
  7923 | D:9      | Found an ancient bone altar of Kikubaaqudgha.
  8086 | D:9      | Found a staircase to the Orcish Mines.
  8131 | D:9      | Reached ****** piety under Trog
  8381 | D:9      | Noticed Prince Ribbit
  8415 | D:9      | Killed Prince Ribbit
  8479 | D:9      | Received a gift from Trog
  8514 | D:9      | Found a staircase to the Lair.
  8532 | D:9      | Reached skill level 11 in Axes
  8532 | D:9      | Gained mutation: You are mostly covered in yellow scales. (AC +3) [demonic ancestry]
  8532 | D:9      | Reached XP level 11. HP: 62/86 MP: 11/11
  8897 | D:10     | Entered Level 10 of the Dungeon
  9443 | D:11     | Noticed a two-headed ogre
  9452 | D:11     | Killed a two-headed ogre
  9565 | D:11     | Reached skill level 12 in Axes
  9608 | D:11     | Gained mutation: Your flesh is cold resistant. (rC+) [mutagenic meat]
  9609 | D:11     | Gained mutation: Your body sometimes deteriorates upon taking damage. [mutagenic meat]
  9610 | D:11     | Gained mutation: You can translocate small distances at will. [mutagenic meat]
  9611 | D:11     | Gained mutation: You are robust. (+10% HP) [mutagenic meat]
  9790 | D:11     | Noticed a deep elf mage
  9802 | D:11     | Killed a deep elf mage
  9810 | D:11     | Received a gift from Trog
  9814 | D:11     | Noticed a deep elf mage
  9820 | D:11     | Killed a deep elf mage
  9838 | D:11     | Got a twisted hat
  9845 | D:11     | Identified the cursed +0 hat of the Storm King {Str+6} (You found it on level 11 of the Dungeon)
 10420 | D:12     | Noticed a two-headed ogre
 10428 | D:12     | Killed a two-headed ogre
 10461 | D:12     | HP: 2/145 [electric eel/bolt of electricity (10)]
 10464 | D:12     | Killed from afar by an electric eel

Vault maps used:
D:1:      shiori_arrival_whats_in_store_for_you
D:2:      first_bread
D:3:      nrook_loot_triangle, guppyfry_early_lair_pool, uniq_robin
D:5:      serial_shops, nicolae_shop_temple_entry_statues_fountains,
          basic_altar, uniq_pikel
D:6:      temple_pool_b, basic_altar, serial_bayou_pond_c, uniq_blork_the_orc,
          uniq_edmund
D:7:      gup_ossuary_entry_pyramid, uniq_duvessa
D:9:      old_standard_altar, david_lair_shrubbed, david_orc_1_choice,
          minmay_variable_closet, blue_anna_alchemist, uniq_prince_ribbit1
D:11:     hangedman_minor_magic
D:12:     gammafunk_jiyva_shrine, serial_shops, kennysheep_mini,
          serial_bayou_ford_a
Ossuary:  ossuary_due_cavern

Skill      XL: |  1  2  3  4  5  6  7  8  9 10 11 |
---------------+----------------------------------+-----
Dodging        | 2 3 4 5 6 |  6.1
Axes           | 3 4 5 7 8 9 11 12 | 12.7
Stealth        | 1 2 3 |  3.0
Fighting       | 4 5 7 8 9 |  9.5
Armour         | 3 4 6 7 |  7.1

Action                   |  1- 3 |  4- 6 |  7- 9 | 10-12 || total
-------------------------+-------+-------+-------+-------++-------
Melee: Hand axe          |   153 |   218 |   618 |   449 ||  1438
       Kick              |       |     1 |       |       ||     1
       War axe           |       |       |       |   338 ||   338
Invok: Berserk           |     1 |     5 |     6 |     6 ||    18
       Burn Spellbooks   |       |       |       |     2 ||     2
  Use: Scroll            |       |     4 |     5 |     6 ||    15
       Potion            |       |       |     2 |     1 ||     3
 Stab: Sleeping          |     5 |     2 |     1 |       ||     8
       Invisible         |       |       |     2 |       ||     2
  Eat: Chunk             |     2 |    11 |    10 |    18 ||    41
       Royal jelly       |       |       |     2 |     1 ||     3
       Fruit             |       |       |     4 |     9 ||    13
Armor: Animal skin       |    69 |    57 |    12 |       ||   138
       Scale mail        |       |       |   107 |       ||   107
       Plate armour      |       |       |   126 |   420 ||   546
       Skin              |       |       |    63 |       ||    63
Dodge: Dodged            |   119 |   157 |   320 |   296 ||   892

Table legend:
 A = Spawn XP
 B = Non-spawn XP
 C = Spawn XP percentage of total XP
 D = Spawn monster count
 E = Non-spawn monster count
 F = Spawn count percentage of total count
 G = Total turns spent on level
                    A         B        C        D         E        F      G
               +---------+---------+-------+---------+---------+-------+---------
         Total |       0 |   21017 |   0.0 |       0 |     342 |   0.0 | 10464
               +---------+---------+-------+---------+---------+-------+---------
           D:1 |       0 |      60 |   0.0 |       0 |      27 |   0.0 |   969
           D:2 |       0 |      95 |   0.0 |       0 |      22 |   0.0 |   768
           D:3 |       0 |     341 |   0.0 |       0 |      41 |   0.0 |   950
           D:4 |       0 |     556 |   0.0 |       0 |      29 |   0.0 |  1221
           D:5 |       0 |     960 |   0.0 |       0 |      17 |   0.0 |   528
           D:6 |       0 |    1287 |   0.0 |       0 |      17 |   0.0 |  1221
           D:7 |       0 |    2119 |   0.0 |       0 |      31 |   0.0 |   900
           D:8 |       0 |    2046 |   0.0 |       0 |      25 |   0.0 |   846
           D:9 |       0 |    3376 |   0.0 |       0 |      38 |   0.0 |  1021
          D:10 |       0 |    1293 |   0.0 |       0 |      25 |   0.0 |   454
          D:11 |       0 |    6620 |   0.0 |       0 |      51 |   0.0 |  1058
          D:12 |       0 |    1634 |   0.0 |       0 |       5 |   0.0 |    55
       Ossuary |       0 |     630 |   0.0 |       0 |      14 |   0.0 |   473
               +---------+---------+-------+---------+---------+-------+---------
